[Event "Titled Tuesday Blitz September 21 2021"]
[White "Tanenbaum, Zachary"]
[Black "Gracia Alvarez, Gerardo Antonio"]
[WhiteFideId "2060850"]
[BlackFideId "5109124"]
[WhiteElo "2165"]
[BlackElo "2148"]
[Result "1-0"]
[Round "04"]
[TimeControl "180+1"]
[Date "2021.09.21"]
[WhiteClock "0:00:09"]
[BlackClock "0:00:01"]

1. e4 c5 2. Nf3 Nc6 3. Nc3 Nf6 4. Bb5 Nd4 5. e5 Ng8 6. Bc4 e6 7. O-O d5 8. exd6 Bxd6 9. Ne4 Be7 10. Nxd4 cxd4 11. d3 Nf6 12. Bf4 O-O 13. Qf3 Qb6 14. Bb3 Bd7 15. Be5 Bc6 16. Bxf6 Bxe4 17. Bxd4 Bxf3 18. Bxb6 Bxg2 19. Kxg2 axb6 20. d4 Rfd8 21. c3 b5 22. a3 Kf8 23. Rae1 Bd6 24. Bc2 g6 25. Bd3 b4 26. axb4 Ra2 27. Rb1 Kg7 28. Bc4 Ra7 29. Rbe1 h5 30. Re3 b6 31. Rd1 Rc8 32. Bb3 Bf4 33. Rf3 Bd6 34. h3 Rac7 35. Ra1 Rb7 36. Ra6 Rbb8 37. Ra7 Rc7 38. Ra6 Rcc8 39. Rd3 Rc7 40. Rd1 Kf6 41. Rda1 Kf5 42. Ra7 Rxa7 43. Rxa7 Kf6 44. Kf3 h4 45. Ke4 g5 46. Ra6 Bc7 47. Ra7 Bd6 48. Bd1 Kg6 49. Be2 Bf4 50. Kd3 Bd6 51. Kc4 f5 52. Kb5 Rh8 53. Kc6 Bf4 54. Re7 Kf6 55. Kd7 Bd2 56. Rxe6+ Kf7 57. Bc4 Kg7 58. Re7+ Kg6 59. Bd3 Kf6 60. Re6+ Kf7 61. Bxf5 g4 62. Bxg4 Be1 1-0


[Site "https://www.chess.com"]

[Event "Titled Tuesday Blitz September 21 2021"]
[White "Tang, Andrew"]
[Black "Hambleton, Aman"]
[WhiteFideId "2059630"]
[BlackFideId "2606577"]
[WhiteElo "2986"]
[BlackElo "2766"]
[Result "1-0"]
[Round "04"]
[TimeControl "180+1"]
[Date "2021.09.21"]
[WhiteClock "0:00:07"]
[BlackClock "0:00:04"]

1. d4 Nf6 2. c4 e6 3. Nc3 Bb4 4. Qc2 c5 5. dxc5 Bxc5 6. Nf3 Qb6 7. e3 Qc7 8. g4 h6 9. Rg1 Nc6 10. h4 b6 11. a3 Bb7 12. g5 hxg5 13. hxg5 Nh5 14. Be2 Ne5 15. Nxe5 Qxe5 16. f4 Qc7 17. b4 Be7 18. Bb2 a6 19. O-O-O O-O-O 20. Kb1 Kb8 21. Rd2 d6 22. Ka1 g6 23. b5 a5 24. Na4 e5 25. Rgd1 f6 26. Qxg6 Ng3 27. gxf6 Rhg8 28. Qf7 Bf8 29. Qxc7+ Kxc7 30. fxe5 Nxe2 31. e6 Bf3 32. e7 Bxe7 33. fxe7 Rd7 34. Rf1 Bh5 35. Bf6 Re8 36. Bh4 Rdxe7 37. Bxe7 Rxe7 38. Rf5 Ng3 39. Rg5 Ne4 40. Rdd5 Nxg5 41. Rxg5 Bf7 42. Rg7 Rd7 43. Kb2 Be6 44. Rxd7+ Bxd7 45. Nc3 Be6 46. Nd5+ Bxd5 47. cxd5 Kd7 48. Kc3 Ke7 49. Kd4 Kf6 50. e4 a4 51. Kd3 Kg6 52. Ke3 Kg5 53. Kf3 Kg6 54. Kg4 Kf6 55. Kf4 Kg6 56. e5 Kf7 57. exd6 Ke8 58. Kf5 Kd8 59. Ke6 Ke8 60. d7+ Kd8 61. Ke5 Kxd7 62. d6 Kd8 63. Ke4 Ke8 64. Kd4 Kd8 65. Kd5 Kd7 66. Ke5 Kd8 67. Ke6 Ke8 68. d7+ Kd8 69. Ke5 Kxd7 70. Kd5 Kc7 71. Ke6 Kc8 72. Kd6 Kb7 73. Kd7 Kb8 74. Kc6 Ka8 75. Kxb6 Kb8 76. Ka5 Kb7 77. Kxa4 Kb6 78. Kb4 1-0


[Site "https://www.chess.com"]

[Event "Titled Tuesday Blitz September 21 2021"]
[White "Tasev, Dejan"]
[Black "Stoyanov, Tsvetan"]
[WhiteFideId "936618"]
[BlackFideId "2917173"]
[WhiteElo "2253"]
[BlackElo "2191"]
[Result "1-0"]
[Round "04"]
[TimeControl "180+1"]
[Date "2021.09.21"]
[WhiteClock "0:00:05"]
[BlackClock "0:00:01"]

1. e4 e5 2. Nf3 Nc6 3. Bc4 Bc5 4. d3 Nf6 5. h3 a6 6. Be3 Bxe3 7. fxe3 d5 8. exd5 Nxd5 9. Qd2 O-O 10. O-O Be6 11. Bb3 h6 12. Nc3 Qd7 13. Rf2 Nxc3 14. Qxc3 Bxb3 15. axb3 Rae8 16. e4 Kh7 17. Nh4 Nd4 18. Raf1 Re6 19. Qd2 Rc6 20. Qd1 g6 21. Nf3 Nxf3+ 22. Rxf3 Kg7 23. Kh2 Qe7 24. R1f2 Rd6 25. Qf1 c5 26. Qa1 b5 27. Qa5 Rc6 28. Qd2 c4 29. bxc4 bxc4 30. d4 exd4 31. Qxd4+ Kg8 32. Qd5 Re6 33. Qxc4 Rxe4 34. Qxa6 Qe5+ 35. Kg1 Re1+ 36. Rf1 Rxf1+ 37. Qxf1 Qxb2 38. c4 Qd4+ 39. Kh2 Qe5+ 40. Kh1 Qe6 41. Rc3 Rc8 42. c5 Qe5 43. Qc1 Rc6 44. Rc2 Kh7 45. Kg1 Qd4+ 46. Kh1 h5 47. Rc4 Qe5 48. Rc2 Kg7 49. Rc4 Qd5 50. Qc3+ Kh7 51. Qc2 Rf6 52. Qc1 Qd3 53. Rf4 Rxf4 54. Qxf4 Qd7 55. Qe5 Qc6 56. Qd4 Qb5 57. Qd5 Qf1+ 58. Kh2 1-0


[Site "https://www.chess.com"]

[Event "Titled Tuesday Blitz September 21 2021"]
[White "Timmermans, Mark"]
[Black "Deac, Bogdan-Daniel"]
[WhiteFideId "1026399"]
[BlackFideId "1226380"]
[WhiteElo "2750"]
[BlackElo "2953"]
[Result "0-1"]
[Round "04"]
[TimeControl "180+1"]
[Date "2021.09.21"]
[WhiteClock "0:00:22"]
[BlackClock "0:00:56"]

1. b4 e5 2. Bb2 Bxb4 3. Bxe5 Nf6 4. Nc3 c6 5. a3 Ba5 6. Nf3 O-O 7. e3 d6 8. Bxf6 Qxf6 9. Ne4 Qe7 10. Ng3 f5 11. Ne2 d5 12. c3 Nd7 13. Ned4 f4 14. Be2 fxe3 15. fxe3 Nf6 16. O-O Ne4 17. Bd3 Bg4 18. Qc2 c5 19. Nb3 Bc7 20. Be2 Qd6 21. d3 Bxf3 22. dxe4 Qxh2+ 23. Kf2 Bg3# 0-1


[Site "https://www.chess.com"]

[Event "Titled Tuesday Blitz September 21 2021"]
[White "Tisaj, Domen"]
[Black "Plotkin, Victor"]
[WhiteFideId "14628708"]
[BlackFideId "2606674"]
[WhiteElo "2272"]
[BlackElo "2310"]
[Result "1/2-1/2"]
[Round "04"]
[TimeControl "180+1"]
[Date "2021.09.21"]
[WhiteClock "0:00:14"]
[BlackClock "0:00:18"]

1. Nf3 d5 2. g3 Nf6 3. Bg2 c5 4. d3 Nc6 5. O-O e5 6. Nbd2 Be7 7. e4 O-O 8. Qe1 dxe4 9. Nxe4 Nxe4 10. dxe4 Nd4 11. Nxd4 cxd4 12. c3 Be6 13. Qd2 Bc5 14. cxd4 Bxd4 15. Qb4 Qb6 16. Qxb6 axb6 17. a3 Rac8 18. Be3 Bxe3 19. fxe3 Rc2 20. Rf2 Rfc8 21. Raf1 Rxf2 22. Rxf2 Rc1+ 23. Rf1 Rxf1+ 24. Kxf1 Kf8 25. Ke1 Ke7 26. Kd2 Kd6 27. Kc3 f6 28. Kb4 Bd7 29. Bf1 Be8 30. Bb5 Bg6 31. Bd3 Be8 32. h4 Bc6 33. Kc3 g5 34. b4 gxh4 35. gxh4 Ke7 36. b5 Bd7 37. Bc4 Kd6 38. Kb4 Ke7 39. Bd5 Bc8 40. a4 Kd6 41. a5 bxa5+ 42. Kxa5 Kc5 43. b6 f5 44. Bg8 f4 45. exf4 exf4 46. Bxh7 Kd4 47. Kb4 f3 48. Bg8 Kxe4 49. Bc4 f2 50. h5 Be6 51. Bf1 Bf5 52. Kc5 Kf4 53. Kd4 Kg5 54. Ke3 Kxh5 55. Kxf2 Kg6 56. Bg2 Bc8 57. Ke3 Kf6 58. Kd4 Ke7 59. Kc5 Kd7 60. Bh3+ Kd8 61. Bg2 Kd7 62. Kd5 Kd8 63. Kd6 Bf5 64. Bxb7 Bd3 65. Kc5 Be2 66. Kd6 Bd3 67. Bd5 Kc8 68. Kc5 Kb8 69. Kd4 Bf1 70. Kc3 Ba6 71. Kb4 Bb7 72. Bc4 Bg2 73. Kc5 Kb7 74. Bd3 Bh1 75. Kb5 Bg2 76. Ka5 Bh1 77. Ba6+ Kb8 78. Kb4 Bg2 79. Kc5 Bh1 80. Kd6 Bg2 81. Ke7 Bh1 82. Kf6 Bg2 83. Be2 Bh1 84. Bf1 Kb7 85. Bg2+ Bxg2 86. Ke7 Kxb6 1/2-1/2


[Site "https://www.chess.com"]

[Event "Titled Tuesday Blitz September 21 2021"]
[White "Trent, Lawrence"]
[Black "Gubanov, Oleg"]
[WhiteFideId "408638"]
[BlackFideId "14115115"]
[WhiteElo "2474"]
[BlackElo "2128"]
[Result "0-1"]
[Round "04"]
[TimeControl "180+1"]
[Date "2021.09.21"]
[WhiteClock "0:00:11"]
[BlackClock "0:00:51"]

1. d4 b5 2. e4 Bb7 3. Nd2 Nf6 4. e5 Nd5 5. Ngf3 a6 6. Nb3 e6 7. Na5 Bb4+ 8. Bd2 Bxa5 9. Bxa5 d6 10. Qd2 Nc6 11. a3 Nxa5 12. Qxa5 c5 13. Qd2 cxd4 14. Qxd4 dxe5 15. Qxe5 O-O 16. Bd3 Qf6 17. Qxf6 gxf6 18. Be4 f5 19. Bxd5 Bxd5 20. O-O-O Bxf3 21. gxf3 Rfd8 22. f4 Kf8 23. Rxd8+ Rxd8 24. Rd1 Rc8 25. b3 Ke7 26. Rd3 Rg8 27. Rg3 Rd8 28. c3 h5 29. Kc2 h4 30. Rh3 Rg8 31. a4 Rg2 32. Rxh4 Rxf2+ 33. Kd3 bxa4 34. bxa4 Ra2 35. Rh8 Rxa4 36. c4 Ra3+ 37. Kd4 Rf3 38. Ke5 Re3+ 39. Kd4 Re4+ 40. Kc5 Rxf4 41. Ra8 Rh4 42. Rxa6 Rxh2 43. Ra7+ Kf6 44. Kb6 Rb2+ 45. Kc6 e5 46. Ra6 f4 47. c5 f3 48. Kd5+ Kf5 49. Ra3 Rd2+ 50. Kc4 e4 51. c6 Rd8 52. Kc5 Kf4 53. Ra7 f5 54. Rd7 Rc8 55. c7 f2 0-1


[Site "https://www.chess.com"]

[Event "Titled Tuesday Blitz September 21 2021"]
[White "Tristan, Leonardo"]
[Black "Gabdushev, Ruslan"]
[WhiteFideId "113816"]
[BlackFideId "4137833"]
[WhiteElo "2404"]
[BlackElo "2312"]
[Result "1-0"]
[Round "04"]
[TimeControl "180+1"]
[Date "2021.09.21"]
[WhiteClock "0:01:50"]
[BlackClock "0:00:42"]

1. d4 c6 2. Nf3 h6 3. e4 d6 4. Nc3 g5 5. Bc4 Bg7 6. O-O Qb6 7. a4 a5 8. Be3 Bg4 9. h3 Bh5 10. g4 Bg6 11. e5 d5 12. Bd3 Bxd3 13. Qxd3 e6 14. Nd2 Nd7 15. f4 gxf4 16. Rxf4 Ne7 17. Raf1 Rf8 18. Nb3 Ng6 19. Rxf7 Ne7 20. Rxg7 1-0


[Site "https://www.chess.com"]

[Event "Titled Tuesday Blitz September 21 2021"]
[White "Tsvetkov, Andrey"]
[Black "Koridze, Lile"]
[WhiteFideId "34139360"]
[BlackFideId "13612514"]
[WhiteElo "2280"]
[BlackElo "1978"]
[Result "1-0"]
[Round "04"]
[TimeControl "180+1"]
[Date "2021.09.21"]
[WhiteClock "0:00:39"]
[BlackClock "0:00:21"]

1. d4 Nf6 2. c4 e6 3. Nc3 Bb4 4. f3 c5 5. d5 Bxc3+ 6. bxc3 d6 7. e4 e5 8. Bd3 O-O 9. Ne2 a6 10. O-O Nbd7 11. g4 h6 12. g5 hxg5 13. Bxg5 Qc7 14. Kh1 Nh7 15. Be3 Ndf6 16. Rg1 Kh8 17. Qe1 Nh5 18. Qh4 g6 19. Bh6 Rg8 20. f4 f6 21. fxe5 dxe5 22. Raf1 Qe7 23. Rg2 Bd7 24. Rfg1 Qf7 25. Qf2 Rae8 26. Qf3 Re7 27. Be3 g5 28. d6 Ree8 29. Bxg5 Rg7 30. Bh4 Reg8 31. Rxg7 Rxg7 32. Rxg7 Qxg7 33. Qxh5 Bg4 34. Qe8+ Nf8 35. Ng1 Kh7 36. Qe7 1-0


[Site "https://www.chess.com"]

[Event "Titled Tuesday Blitz September 21 2021"]
[White "Vlassov, Nikolai"]
[Black "Ismayil, Malak"]
[WhiteFideId "4103360"]
[BlackFideId "13412604"]
[WhiteElo "2407"]
[BlackElo "1879"]
[Result "1-0"]
[Round "04"]
[TimeControl "180+1"]
[Date "2021.09.21"]
[WhiteClock "0:00:12"]
[BlackClock "0:00:01"]

1. e4 e5 2. Bc4 Nc6 3. f4 Bc5 4. Nf3 d6 5. Nc3 Nf6 6. f5 Bd7 7. d3 h6 8. Qe2 Qe7 9. Be3 Bxe3 10. Qxe3 a6 11. a3 O-O-O 12. b4 g6 13. fxg6 fxg6 14. b5 axb5 15. Nxb5 Ng4 16. Qd2 Rdf8 17. O-O-O Be6 18. Bxe6+ Qxe6 19. c4 Nf6 20. Kc2 Kd7 21. Rb1 Ra8 22. Rb3 Na5 23. Rb2 Nxc4 24. dxc4 Qxc4+ 25. Qc3 Qxe4+ 26. Kc1 Nd5 27. Qc2 Qxc2+ 28. Kxc2 c6 29. Nc3 Nxc3 30. Kxc3 Rxa3+ 31. Kc2 b5 32. Rd1 Ke6 33. Kd2 e4 34. Nd4+ Kd7 35. Ke2 Rf8 36. Rc1 e3 37. Nf3 g5 38. h3 h5 39. g4 hxg4 40. hxg4 Rf4 41. Rg1 b4 42. Rg3 c5 43. Rg2 Kc6 44. Nxg5 d5 45. Nh3 Rf6 46. g5 Rg6 47. Nf4 Rg7 48. g6 d4 49. Nh5 Re7 50. g7 d3+ 51. Kf3 Rxg7 52. Rxg7 e2 53. Re7 Ra1 54. Rexe2 dxe2 55. Rxe2 Kb5 56. Nf4 Ra3+ 57. Ke4 c4 58. Rg2 Ra1 59. Rg5+ Ka4 60. Kd4 Rd1+ 61. Kxc4 Rc1+ 62. Kd4 b3 63. Nd3 Rc8 64. Rg7 Rd8+ 65. Kc3 Rc8+ 66. Kd2 Rc2+ 67. Ke3 Rc8 68. Ra7+ Kb5 69. Kd4 Rc4+ 70. Kd5 Rc8 71. Rb7+ Ka4 72. Nc5+ Ka3 73. Rxb3+ Ka2 74. Rb6 1-0


[Site "https://www.chess.com"]

[Event "Titled Tuesday Blitz September 21 2021"]
[White "Vogel, Roven"]
[Black "Petesch, Gabriel"]
[WhiteFideId "12908088"]
[BlackFideId "2032465"]
[WhiteElo "2516"]
[BlackElo "2374"]
[Result "1-0"]
[Round "04"]
[TimeControl "180+1"]
[Date "2021.09.21"]
[WhiteClock "0:01:34"]
[BlackClock "0:00:04"]

1. Nf3 Nf6 2. c4 e6 3. e3 b6 4. d4 Bb7 5. Nc3 d6 6. Bd3 Nbd7 7. e4 g6 8. O-O Bg7 9. h3 O-O 10. Be3 c5 11. d5 exd5 12. exd5 Re8 13. Qd2 a6 14. a4 Qc7 15. Rfe1 Re7 16. Bf4 Rae8 17. Rxe7 Rxe7 18. Bh2 Ne8 19. Ne4 a5 20. Re1 Ne5 21. Nxe5 Bxe5 22. Bxe5 Rxe5 23. f4 Re7 24. f5 Re5 25. f6 Qd8 26. Rf1 Bc8 27. g4 h5 28. Qh6 hxg4 29. Ng5 Rxg5 30. Qxg5 Qd7 31. Bxg6 fxg6 32. Qxg6+ Kf8 33. f7 Ng7 34. Qxg7+ Kxg7 35. f8=Q+ Kg6 36. Rf6+ 1-0


[Site "https://www.chess.com"]

[Event "Titled Tuesday Blitz September 21 2021"]
[White "Wachinger, Guenther"]
[Black "Zarubitski, Viachaslau"]
[WhiteFideId "4604261"]
[BlackFideId "13509373"]
[WhiteElo "2212"]
[BlackElo "2315"]
[Result "0-1"]
[Round "04"]
[TimeControl "180+1"]
[Date "2021.09.21"]
[WhiteClock "0:00:02"]
[BlackClock "0:01:18"]

1. e4 c5 2. Nf3 e6 3. d4 cxd4 4. Nxd4 Nc6 5. Nc3 Qc7 6. Be3 a6 7. Qf3 Nf6 8. O-O-O Ne5 9. Qg3 b5 10. f4 Neg4 11. Bg1 h5 12. h3 Nh6 13. e5 h4 14. Qd3 b4 15. Ne4 Nxe4 16. Qxe4 Bb7 17. Qd3 g6 18. Rh2 Nf5 19. Nxf5 gxf5 20. Be2 Bh6 21. Be3 Rg8 22. Bf3 Rg3 23. Bxb7 Qxb7 24. Qd2 Rc8 25. Kb1 a5 26. Rg1 Qe4 27. Re1 Qc6 28. Rc1 a4 29. Bf2 Rc3 30. Bxh4 Rc4 0-1


[Site "https://www.chess.com"]

[Event "Titled Tuesday Blitz September 21 2021"]
[White "Warmerdam, Max"]
[Black "Chernobay, Artem"]
[WhiteFideId "1048104"]
[BlackFideId "4167406"]
[WhiteElo "2537"]
[BlackElo "2480"]
[Result "1-0"]
[Round "04"]
[TimeControl "180+1"]
[Date "2021.09.21"]
[WhiteClock "0:01:10"]
[BlackClock "0:00:15"]

1. e4 e6 2. d4 d5 3. Nc3 Nf6 4. Bg5 dxe4 5. Nxe4 Be7 6. Nxf6+ Bxf6 7. Bxf6 Qxf6 8. Nf3 c5 9. c3 cxd4 10. Qxd4 Nc6 11. Qxf6 gxf6 12. g3 e5 13. Bg2 Bg4 14. h3 Be6 15. Nd2 O-O-O 16. Ne4 f5 17. Ng5 h6 18. Nxe6 fxe6 19. Rd1 e4 20. Bf1 Ne5 21. Be2 h5 22. h4 Kc7 23. O-O Rdg8 24. Kh2 Ng4+ 25. Kh3 e3 26. Rd4 Nxf2+ 27. Kg2 Ne4 28. Rf3 e5 29. Rc4+ Kd6 30. Rxe3 Rc8 31. Rxc8 Rxc8 32. Bxh5 Rg8 33. Bd1 Nf6 34. Rf3 Nd5 35. Bb3 e4 36. Rxf5 Ne3+ 37. Kf2 Ng4+ 38. Ke2 Re8 39. Rf4 Nh2 40. Ke3 1-0


[Site "https://www.chess.com"]

[Event "Titled Tuesday Blitz September 21 2021"]
[White "Yaksin, Oleg"]
[Black "Arjun Kalyan"]
[WhiteFideId "24105880"]
[BlackFideId "35018701"]
[WhiteElo "2310"]
[BlackElo "2321"]
[Result "0-1"]
[Round "04"]
[TimeControl "180+1"]
[Date "2021.09.21"]
[WhiteClock "0:00:05"]
[BlackClock "0:00:24"]

1. d4 d5 2. c4 e6 3. g3 Nf6 4. Bg2 Bb4+ 5. Bd2 Be7 6. Nf3 O-O 7. O-O c6 8. Qc2 Nbd7 9. Bf4 b6 10. Rd1 Bb7 11. Ne5 Rc8 12. Nc3 Nh5 13. Be3 Nhf6 14. Qa4 a6 15. Qb3 Nxe5 16. dxe5 Nd7 17. cxd5 cxd5 18. Bd4 Nc5 19. Qc2 b5 20. a3 Qc7 21. Rac1 Qb8 22. b4 Nd7 23. f4 Rc4 24. Qd2 Rfc8 25. e3 R4c7 26. e4 dxe4 27. Nxe4 Bxe4 28. Bxe4 Nb6 29. Rxc7 Qxc7 30. Qd3 g6 31. Kg2 Nc4 32. Rc1 Rd8 33. Qc3 Qd7 34. Rd1 h5 35. Bf3 Qe8 36. h4 Rc8 37. Bf2 Bd8 38. Qb3 Qe7 39. Bc5 Qc7 40. Rd4 Be7 41. Bxe7 Qxe7 42. Qd3 Nb6 43. Rd6 Qc7 44. Rc6 Qb8 45. Rxc8+ Qxc8 46. Qd4 Qc2+ 47. Kh3 Nc4 48. Qd8+ Kh7 49. Qd7 Qf5+ 50. Kg2 Nxa3 51. Qb7 Qc2+ 52. Kh3 Kg7 53. Qxa6 Qb3 54. Bg2 Qxb4 55. Qa7 Nc4 56. Qc7 Ne3 57. Bf3 Qe1 58. Qd8 Qf1+ 59. Kh2 Qxf3 60. Qf6+ Kg8 61. Qd8+ Kh7 62. Qf6 Qg2# 0-1


[Site "https://www.chess.com"]

[Event "Titled Tuesday Blitz September 21 2021"]
[White "Yi, Richard"]
[Black "Szpar, Milosz"]
[WhiteFideId "2079518"]
[BlackFideId "1184989"]
[WhiteElo "2472"]
[BlackElo "2282"]
[Result "0-1"]
[Round "04"]
[TimeControl "180+1"]
[Date "2021.09.21"]
[WhiteClock "0:00:06"]
[BlackClock "0:01:13"]

1. e4 e6 2. d4 d5 3. Nc3 Nf6 4. e5 Nfd7 5. f4 c5 6. Nf3 Nc6 7. Be3 Be7 8. dxc5 O-O 9. Qd2 Qa5 10. O-O-O b6 11. Bb5 Nb4 12. Kb1 bxc5 13. a3 Rb8 14. axb4 cxb4 15. Nxd5 exd5 16. Bxd7 Bxd7 17. Qxd5 Qxd5 18. Rxd5 Bc6 19. Ra5 Rfc8 20. Rxa7 Bf8 21. b3 Be4 22. Ra2 Rc3 23. Bd2 Rxb3+ 24. Rb2 Ra3 25. Nd4 Rd8 26. Bxb4 Rxd4 27. Bxa3 Bxa3 28. Rb8+ Bf8 29. Re1 g6 30. Kc1 Kg7 31. Re3 Bxg2 32. e6 fxe6 33. Rxe6 Rxf4 34. Ra6 Bc5 35. Rc8 Be3+ 36. Kb2 Rb4+ 37. Kc3 Rb7 38. Kd3 Bf1+ 39. Kxe3 Bxa6 40. c4 Re7+ 41. Kd4 Bxc8 0-1


[Site "https://www.chess.com"]

[Event "Titled Tuesday Blitz September 21 2021"]
[White "Zavivaeva, Emilia"]
[Black "Shipov, Sergei"]
[WhiteFideId "34127531"]
[BlackFideId "4113624"]
[WhiteElo "1732"]
[BlackElo "2803"]
[Result "0-1"]
[Round "04"]
[TimeControl "180+1"]
[Date "2021.09.21"]
[WhiteClock "0:00:06"]
[BlackClock "0:01:22"]

1. e4 e6 2. d4 d5 3. Nc3 h6 4. Nf3 Nf6 5. Bd3 Bb4 6. e5 Ne4 7. Bd2 Nxd2 8. Qxd2 c5 9. a3 Qa5 10. O-O Bxc3 11. bxc3 Nc6 12. dxc5 Qxc5 13. Rfe1 Bd7 14. a4 Rc8 15. Rab1 b6 16. Rb5 Qe7 17. c4 dxc4 18. Bxc4 Na5 19. Rxa5 bxa5 20. Bb3 Qb4 21. Qd3 Rd8 22. Re4 Bc6 23. Rxb4 Rxd3 24. Rb8+ Rd8 25. Rxd8+ Kxd8 26. Nd4 Kc7 27. Kf1 Rd8 28. c3 Rb8 29. f3 a6 30. Ke2 Bd5 31. Bc2 Rb2 32. Kd3 Ra2 33. Ke3 g5 34. Kd3 Kb6 35. Ke3 Kc5 36. Kd3 Bc6 37. Nxc6 Kxc6 38. Kd2 Kd5 39. Kd3 Kxe5 0-1


[Site "https://www.chess.com"]

[Event "Titled Tuesday Blitz September 21 2021"]
[White "Zhigalko, Sergei"]
[Black "Babazada, Khazar"]
[WhiteFideId "13502956"]
[BlackFideId "13413554"]
[WhiteElo "2968"]
[BlackElo "2757"]
[Result "0-1"]
[Round "04"]
[TimeControl "180+1"]
[Date "2021.09.21"]
[WhiteClock "0:00:01"]
[BlackClock "0:00:05"]

1. e4 c5 2. Nf3 Nc6 3. c3 g6 4. d4 cxd4 5. cxd4 Bg7 6. Nc3 d6 7. Be3 Nf6 8. d5 Nb8 9. h3 O-O 10. Bc4 Na6 11. O-O Bd7 12. Re1 Rc8 13. Bxa6 bxa6 14. Bxa7 Qa5 15. Bd4 Rb8 16. Qd2 Rfc8 17. Rac1 Rb7 18. e5 dxe5 19. Bxe5 Be8 20. d6 Rd8 21. Qf4 Nh5 22. Qe4 Rb4 23. Qe3 Bxe5 24. Nxe5 Rxd6 25. Qa7 Qd8 26. Ng4 Bd7 27. Ne3 Nf4 28. b3 Bc6 29. Rcd1 Nd3 30. Re2 Nf4 31. Ree1 Nd3 32. Re2 Rb7 33. Qxa6 Nf4 34. Ree1 Nd3 35. Rxd3 Rxd3 36. Qxc6 Rc7 37. Qe4 Rcxc3 38. Ng4 Rd4 39. Qe5 f6 40. Qe6+ Kg7 41. Nh6 Kxh6 42. Qf7 Rd1 43. Rxd1 Qxd1+ 44. Kh2 Qd6+ 45. g3 Rf3 46. Qf8+ Kh5 47. Kg2 Qd5 48. g4+ Kg5 49. Kg1 Rxh3 50. Qxe7 Qh1# 0-1


[Site "https://www.chess.com"]

[Event "Titled Tuesday Blitz September 21 2021"]
[White "Zubov, Alexander"]
[Black "Guz, Ari"]
[WhiteFideId "14109409"]
[BlackFideId "2825759"]
[WhiteElo "2740"]
[BlackElo "1913"]
[Result "1-0"]
[Round "04"]
[TimeControl "180+1"]
[Date "2021.09.21"]
[WhiteClock "0:00:52"]
[BlackClock "0:00:51"]

1. e4 c5 2. Nf3 e6 3. d4 cxd4 4. Nxd4 a6 5. c4 Nf6 6. Nc3 Bb4 7. Qd3 Nc6 8. Nxc6 dxc6 9. Qxd8+ Kxd8 10. e5 Nd7 11. Bf4 Bxc3+ 12. bxc3 b5 13. h4 Bb7 14. Rh3 Kc7 15. h5 Nb6 16. Rg3 g6 17. Bg5 Nd7 18. O-O-O bxc4 19. Bxc4 c5 20. Be7 Rhg8 21. h6 Bc6 22. Rg4 Kc8 23. Bd6 g5 24. f4 Rg6 25. Rxg5 Rxh6 26. Rg7 f5 27. exf6 Rxf6 28. Re1 Kb7 29. Rxe6 Rxe6 30. Bxe6 Rd8 31. f5 Kb6 32. f6 Nxf6 33. Bc7+ 1-0


[Site "https://www.chess.com"]

[Event "Titled Tuesday Blitz September 21 2021"]
[White "Al-Tarboush, Ward"]
[Black "Tisaj, Domen"]
[WhiteFideId "7601450"]
[BlackFideId "14628708"]
[WhiteElo "2319"]
[BlackElo "2272"]
[Result "0-1"]
[Round "05"]
[TimeControl "180+1"]
[Date "2021.09.21"]
[WhiteClock "0:00:03"]
[BlackClock "0:00:11"]

1. e4 c5 2. Nf3 d6 3. d4 cxd4 4. Nxd4 Nf6 5. Nc3 Nc6 6. Bg5 e6 7. Qd2 a6 8. O-O-O Bd7 9. f4 h6 10. Bh4 b5 11. Bxf6 gxf6 12. Nb3 Qb6 13. Bd3 h5 14. Kb1 h4 15. Qe2 b4 16. Na4 Qb7 17. Bc4 Ne7 18. f5 Bxa4 19. fxe6 fxe6 20. Bxe6 Ng6 21. Bd5 Qc8 22. Bxa8 Qxa8 23. Qc4 Bb5 24. Qe6+ Be7 25. Rhe1 Bd7 26. Qc4 a5 27. Nd4 Ne5 28. Qb3 Qc8 29. Nf5 Bxf5 30. exf5 Qc6 31. Qe6 Kf8 32. Re3 Rg8 33. Rh3 Rxg2 34. Rc1 Rg4 35. b3 Qd7 36. Qd5 Qa7 37. Qb5 Qc5 38. Qa4 Nc6 39. Kb2 d5 40. Kb1 Bd6 41. Rd3 Be5 42. Rcd1 Rg2 43. R3d2 Rxd2 44. Rxd2 Qg1+ 0-1


[Site "https://www.chess.com"]

[Event "Titled Tuesday Blitz September 21 2021"]
[White "Arabidze, Meri"]
[Black "Kislov, Oleg"]
[WhiteFideId "13604040"]
[BlackFideId "13503774"]
[WhiteElo "2432"]
[BlackElo "2252"]
[Result "1-0"]
[Round "05"]
[TimeControl "180+1"]
[Date "2021.09.21"]
[WhiteClock "0:00:43"]
[BlackClock "0:00:09"]

1. Nf3 d5 2. b3 Nf6 3. Bb2 c5 4. e3 Nc6 5. Bb5 Bd7 6. O-O e6 7. Bxc6 Bxc6 8. Ne5 Qc7 9. f4 Nd7 10. d3 Nxe5 11. Bxe5 Qd7 12. Nd2 f6 13. Bb2 Bd6 14. e4 O-O 15. a4 b6 16. Qe2 a6 17. e5 Be7 18. exf6 Bxf6 19. Be5 b5 20. axb5 axb5 21. Nf3 d4 22. Bxf6 gxf6 23. Nd2 Qd5 24. Ne4 Qf5 25. Rxa8 Bxa8 26. Nd6 Qd5 27. Nxb5 Rf7 28. Na3 Rg7 29. Rf2 h5 30. Nc4 h4 31. Nb6 Qc6 32. Nxa8 h3 33. Qe4 Qa6 34. g3 Ra7 35. Qg6+ Kf8 36. Qxf6+ Ke8 37. Qh8+ Kd7 38. Qxh3 Rxa8 39. Qh7+ Kd6 40. Qe4 Qa1+ 41. Kg2 Ra6 42. Re2 Ke7 43. f5 Qe1 44. Rxe1 1-0


[Site "https://www.chess.com"]

[Event "Titled Tuesday Blitz September 21 2021"]
[White "Aradhya, Garg"]
[Black "Obolentseva, Alexandra"]
[WhiteFideId "25006746"]
[BlackFideId "24153648"]
[WhiteElo "2146"]
[BlackElo "2113"]
[Result "1/2-1/2"]
[Round "05"]
[TimeControl "180+1"]
[Date "2021.09.21"]
[WhiteClock "0:00:08"]
[BlackClock "0:00:13"]

1. d4 Nf6 2. c4 g6 3. g3 Bg7 4. Bg2 O-O 5. Nc3 d6 6. Nf3 c5 7. O-O cxd4 8. Nxd4 Nc6 9. e3 Bg4 10. Qd2 Qd7 11. b3 Bh3 12. Bb2 Bxg2 13. Kxg2 Rac8 14. Rfd1 Rfd8 15. e4 Nxd4 16. Qxd4 Nh5 17. Qe3 a6 18. a4 b5 19. axb5 axb5 20. Ra7 Qe6 21. Nd5 Bxb2 22. Rxe7 Qg4 23. f3 Nf4+ 24. Nxf4 Qg5 25. Rb7 bxc4 26. bxc4 Be5 27. Nd5 Qxe3 28. Nxe3 Rb8 29. Rdb1 Rxb7 30. Rxb7 Ra8 31. f4 Ra2+ 32. Kf3 Bd4 33. Nd5 h5 34. e5 dxe5 35. fxe5 Bxe5 36. Re7 Bd4 37. Re2 Ra3+ 38. Ke4 Bc5 39. Nf6+ Kg7 40. Nd7 Bb4 41. Rc2 Ra7 42. Nb6 Bc5 43. Nd5 Ra1 44. Kf3 Rf1+ 45. Kg2 Rf5 46. Re2 g5 47. h3 g4 48. hxg4 hxg4 49. Re4 Rf2+ 50. Kh1 f5 51. Rf4 Rxf4 52. Nxf4 Kf6 53. Kg2 Ke5 54. Kf1 Kd4 55. Ke2 Kxc4 56. Ng6 Bd6 57. Nh4 Bxg3 58. Nxf5 Bf4 59. Ne3+ Bxe3 60. Kxe3 Kd5 61. Kf4 Kd4 62. Kg3 Ke4 63. Kxg4 1/2-1/2


[Site "https://www.chess.com"]

[Event "Titled Tuesday Blitz September 21 2021"]
[White "Arjun Kalyan"]
[Black "Swicarz, Maciej"]
[WhiteFideId "35018701"]
[BlackFideId "1113585"]
[WhiteElo "2321"]
[BlackElo "2153"]
[Result "1-0"]
[Round "05"]
[TimeControl "180+1"]
[Date "2021.09.21"]
[WhiteClock "0:00:31"]
[BlackClock "0:00:22"]

1. e4 c6 2. Nc3 d5 3. Nf3 a6 4. d4 Bg4 5. h3 Bh5 6. Bd3 e6 7. Be3 Nf6 8. e5 Nfd7 9. g4 Bg6 10. Ne2 c5 11. c3 Nc6 12. a3 a5 13. h4 Qb6 14. Rb1 cxd4 15. cxd4 Bxd3 16. Qxd3 h5 17. gxh5 Rxh5 18. Nf4 Rh8 19. Ng5 Nd8 20. Ng6 Rg8 21. O-O Qa6 22. Qc2 Qc4 23. Qxc4 dxc4 24. Nxf8 Rxf8 25. Ne4 Nb6 26. Rfc1 Kd7 27. Nd6 f6 28. Nxc4 Nxc4 29. Rxc4 Nc6 30. Rd1 Ke7 31. exf6+ gxf6 32. d5 exd5 33. Rxd5 Rg8+ 34. Kf1 Ke6 35. Rb5 Rg7 36. Re4+ Kd6 37. Bf4+ Ne5 38. Bxe5+ fxe5 39. Rexe5 a4 40. Rg5 Rh7 41. h5 Kc6 42. Rbf5 Rd8 43. Rg6+ Kc7 44. h6 Rd2 45. Rg7+ Rd7 46. Rxh7 Rxh7 47. Rf6 1-0


[Site "https://www.chess.com"]